 Dungeon Crawl Stone Soup version 0.27-a0-1071-ga85bd9520d (webtiles) character file.

Game seed: 2685975388948001370

153 leviel the Skirmisher (level 5, 0/47 HPs)
             Began as a Hill Orc Fighter on Apr 24, 2021.
             Slain by Crazy Yiuf
             ... wielding a +2 quarterstaff of chaos
              (1 damage)
             ... on level 3 of the Dungeon.
             The game lasted 00:03:03 (3043 turns).

leviel the Skirmisher (Hill Orc Fighter)            Turns: 3043, Time: 00:03:04

Health: 0/47       AC:  7    Str: 20    XL:     5   Next: 35%
Magic:  5/5        EV:  7    Int:  8    God:
Gold:   54         SH:  9    Dex: 10    Spells: 4/4 levels left

rFire    . . .     SeeInvis .   a - +0 war axe
rCold    . . .     Faith    .   c - +0 kite shield
rNeg     . . .     Spirit   .   b - +0 scale mail
rPois    .         Reflect  .   (no helmet)
rElec    .         Harm     .   (no cloak)
rCorr    .         Rampage  .   (no gloves)
Will     .....                  (no boots)
Stlth    ..........             (no amulet)
HPRegen  0.15/turn              (no ring)
MPRegen  0.09/turn              (no ring)

@: lethally poisoned (0 -> -2), very slightly contaminated, invisible
A: no striking features
a: no special abilities


You were on level 3 of the Dungeon.
You visited 1 branch of the dungeon, and saw 3 of its levels.

You collected 54 gold pieces.

Inventory:

Hand Weapons
 a - a +0 war axe (weapon)
Armour
 b - a +0 scale mail (worn)
 c - a +0 kite shield (worn)
Jewellery
 j - a +6 ring of strength
Scrolls
 e - a scroll of noise {unknown}
 g - a scroll of teleportation {unknown}
 i - 5 scrolls of identify {unknown}
 n - a scroll of enchant weapon {unknown}
 p - a scroll of fog {unknown}
Potions
 d - a potion of might
 f - a potion of flight {unknown}
 h - a potion of mutation {unknown}
 k - a potion of cancellation {unknown}
 l - a potion of lignification {unknown}
 m - a potion of degeneration {unknown}
 o - a potion of brilliance {unknown}


   Skills:
 + Level 4.7 Fighting
 + Level 4.2 Axes
 + Level 4.2 Armour
 + Level 4.2 Shields


You had 4 spell levels left.
You didn't know any spells.
Your spell library was empty.

Dungeon Overview and Level Annotations

Branches:
Dungeon (3/15)

Altars:
Elyvilon

Annotations:
D:3 Crazy Yiuf


Message History

No target in view!
No target in view!
No target in view!
No target in view!
No target in view!
No target in view!
No target in view!
No target in view!
No target in view!
No target in view!
No target in view!
There is a stone staircase leading down here.
There is a stone staircase leading down here.
There is a stone staircase leading down here.
Crazy Yiuf shouts!
Could not explore, unopened runed door.
Could not explore, unopened runed door.
No reachable target in view!
You open the door. You barely miss Crazy Yiuf.
Crazy Yiuf hits you with a +2 quarterstaff of chaos!
Your shield prevents you from hitting Crazy Yiuf.
Crazy Yiuf hits you with a +2 quarterstaff of chaos.
Crazy Yiuf burns you. Crazy Yiuf barely misses you.
You barely miss Crazy Yiuf.
Crazy Yiuf hits you with a +2 quarterstaff of chaos.
You are poisoned.
You hit Crazy Yiuf but do no damage.
You feel sick. You block Crazy Yiuf's attack.
Crazy Yiuf hits you with a +2 quarterstaff of chaos.
* * * LOW HITPOINT WARNING * * *
You fade into invisibility!
You are very lightly contaminated with residual magic.
You hit Crazy Yiuf.
Crazy Yiuf is moderately wounded.
You feel sick.
Crazy Yiuf hits you with a +2 quarterstaff of chaos!
* * * LOW HITPOINT WARNING * * *
Crazy Yiuf burns you.
You die...

.# #.# #.# .#
### #####.#
.# #...... .#
########
##### #.##.##
.####......#
#..)# #.##...
..†........#
#...#
######.###'#
.####.######
...
#......#♣♣..
.# ##.## #g#
######.#..♣.
.###...#####
♣♣@♣ ###
#..#...♣
...........#
♣.♣♣
#.###>.#♣.♣.
####...##.##
♣♣.♣
#......#####
####.###.##
♣.♣♣
#.#.###.#..#
#.........#
♣♣.♣♣ ##.##
##...(
#.##)###.##
♣.P.♣♣ #).#
#..##
##.##......#
♣P...♣ ##.##
##..##
##.###.....#
#....#
##.###.....
##.# #..####
#....#
#####...#..##


You could see Crazy Yiuf.

Vanquished Creatures
  An orc wizard (D:3)
  A gnoll (D:1)
  2 adders
  3 worms (D:2)
  3 dart slugs
  3 orcs (D:3)
  A ball python (D:1)
  3 endoplasms
  6 giant cockroaches
  4 goblins
  6 hobgoblins
  20 jackals
  2 quokkas
  4 bats
  5 frilled lizards
  6 kobolds
  2 rats
72 creatures vanquished.

Notes
Turn   | Place    | Note
-------+----------+-------------------------------------------
     0 | D:1      | leviel the Hill Orc Fighter began the quest for the Orb.
     0 | D:1      | Reached XP level 1. HP: 19/19 MP: 1/1
    25 | D:1      | Reached XP level 2. HP: 16/27 MP: 2/2
   387 | D:1      | Reached XP level 3. HP: 24/33 MP: 3/3
   695 | D:1      | You fall into a shaft and drop 1 floor!
   904 | D:2      | Reached XP level 4. HP: 14/40 MP: 4/4
  1603 | D:2      | Found a faded altar of an unknown god.
  1901 | D:1      | You fall into a shaft and drop 1 floor!
  2354 | D:3      | Found a white marble altar of Elyvilon.
  2620 | D:3      | Reached XP level 5. HP: 47/47 MP: 5/5
  2720 | D:3      | Found a runed translucent door.
  2721 | D:3      | Noticed Crazy Yiuf
  3043 | D:3      | HP: 1/47 [Crazy Yiuf/+2 quarterstaff of chaos (7)]
  3043 | D:3      | Slain by Crazy Yiuf

Illustrated notes

Levels and vault maps discovered:
D:1:      lightli_molten_gateway, layout_loops_ring
D:2:      layout_rooms, ebering_ecumenical_altar_rust, serial_aquarium,
          aquarium_bridge_island_small [aquarium_subvault_small_water,
          aquarium_subvault_bridge, aquarium_subvault_window,
          aquarium_subvault_bridge, aquarium_subvault_bridge],
          aquarium_bridge_straight [aquarium_subvault_bridge,
          aquarium_subvault_wall, aquarium_subvault_bridge,
          aquarium_subvault_wall], aquarium_window_1, aquarium_window_1,
          aquarium_window_fake, aquarium_window_2, aquarium_view_2b
D:3:      layout_loops_ring, nicolae_overflow_crystal_walls, chequers_arboretum,
          uniq_crazy_yiuf_cottage

Skill      XL: |  1  2  3  4 |
---------------+-------------+-----
Axes           | 3 4 |  4.2
Fighting       | 4 |  4.7
Shields        | 4 |  4.2
Armour         | 4 |  4.2

Action                   |  1- 3 |  4- 6 || total
-------------------------+-------+-------++-------
Melee: War axe           |    96 |   120 ||   216
Armor: Scale mail        |    41 |    54 ||    95
Dodge: Dodged            |    47 |    34 ||    81
Block: Kite shield       |    50 |    65 ||   115

Table legend: (Time is in decaauts)
 A = Elapsed time spent in this place.
 B = Non-inter-level travel time spent in this place.
 C = Inter-level travel time spent in this place.
 D = Time resting spent in this place.
 E = Time spent auto-exploring this place.
 F = Levels seen in this place.
 G = Mean time per level.
                   A        B        C        D        E       F      G
               +--------+--------+--------+--------+--------+-----+--------+
         Total |   3162 |   3072 |     90 |    211 |   2359 |   3 | 1054.0 |
       Dungeon |   3162 |   3072 |     90 |    211 |   2359 |   3 | 1054.0 |
               +--------+--------+--------+--------+--------+-----+--------+

Top non-repeatable levels by time:
     D:2: 1269 daAuts
     D:1: 1010 daAuts
     D:3: 882 daAuts
